Unix NetHack Version 3.7.0-73 Work-in-progress - last build Feb 17 2023 02:16:44 (48fe2e8c4a70f1d2d5b622443eb9b5bc1b8d05f7,branch:master). Game began 2023-03-01 20:46:14, ended 2023-11-09 21:52:43. hackemslashem, neutral male human Wizard --- - --- ---.-- --.. --.-------- |....-- ----- |.... |.........| --....-- --^..| --..G. --.....).)| |.....| --....| |.@.| |........-- |.....-- |..--.|##[.--- --........----.....| |.--|.|# |.| --...%.......|.....---.| |.|) |.#0 |.......%....*....-....| |.-*--.| |...................---- |...|..| --.....).........---- ---.|.-- --......)........--- |.|.| |.........%........--- |)|.| |.......--...........--- |...| |.......||.......|.....| |...- |.....---|....------...| |....- --.--- |...-- --.-- |.... --- ---- --- --- Hackemslashem the Thaumaturge St:11 Dx:13 Co:14 In:18 Wi:14 Ch:9 Neutral Dlvl:5 $:427 HP:38(62) Pw:4(60) AC:10 Exp:7 T:1952 Latest messages: Do you want to add to the current engraving? [ynq] (y) y You add to the writing in the dust with a tin wand. What do you want to add to the writing in the dust here? yyy What do you want to zap? [AI or ?*] * In what direction? . What do you want to call? [ghjkmnqrtv-yAIJOPSWYZ or ?*] A Call a tin wand: ?tin A trap door in the ceiling opens and a rock falls on your head! Wizard needs food, badly! What do you want to eat? [pRTU or ?*] * This food really hits the spot! You finish eating the food ration. You fall into a pit! You are still in a pit. You crawl to the edge of the pit. You see here a leash. B - a leash. In what direction? k You kill the dwarf! The gnome picks up a hooded cloak. You hit the gnome! You kill the gnome! The gnome wields a corroded thonged club! $ - 159 gold pieces (413 in total). There are several more objects here. The gnome hits! You kill the gnome! C - a hooded cloak. x - a blue gem (2 in total). D - 2 red gems. j - 2 violet gems (4 in total). You see here a corroded thonged club. The dwarf lord throws a stout spear! You are almost hit by a stout spear. The dwarf lord wields a broad short sword! You see here a corroded thonged club. There are a few objects here. You are hit by a stout spear. The dwarf wields a broad short sword! The dwarf thrusts her broad short sword. The dwarf hits! In what direction? h You kill the dwarf! The magic missile bounces! The magic missile hits you! The missiles bounce off! E - an aluminum wand. $ - 14 gold pieces (427 in total). U - a tripe ration (2 in total). There are several more objects here. g - a black gem (2 in total). You kill the gnome! The gnome lord wields a bow! Really save? [yn] (n) y Saving... Hello hackemslashem, the human Wizard, welcome back to NetHack! Really save? [yn] (n) y Saving... Hello hackemslashem, the human Wizard, welcome back to NetHack! Really quit? [yes|n] (n) yes Do you want your possessions identified? [ynq] (y) q Inventory: Coins $ - 427 gold pieces Amulets r - an uncursed amulet of life saving (being worn) Weapons z - an uncursed +0 arrow o - 10 uncursed +1 darts u - 18 uncursed +0 darts V - 5 uncursed +0 daggers a - a blessed +1 quarterstaff (weapon in hands) Armor Y - an uncursed +0 pair of iron shoes w - a cursed -1 pair of levitation boots b - an uncursed burnt +0 cloak of magic resistance (being worn) Z - a blessed +0 dwarvish cloak C - an uncursed fireproof +0 dwarvish cloak s - an uncursed +0 mummy wrapping Comestibles p - an uncursed pancake U - 2 uncursed tripe rations R - an uncursed tin of deep fried violet fungus Scrolls J - an uncursed scroll of light i - an uncursed scroll of remove curse Potions m - an uncursed potion of booze S - an uncursed potion of confusion q - an uncursed potion of extra healing v - an uncursed potion of gain ability f - 2 uncursed potions of restore ability t - an uncursed potion of see invisible Rings e - an uncursed ring of conflict O - a cursed ring of free action d - an uncursed +2 ring of gain strength (on right hand) Wands A - an uncursed wand of locking (0:6) I - an uncursed wand of magic missile named empty (0:0) E - an uncursed wand of make invisible (0:7) Tools X - an uncursed blindfold B - an uncursed leash l - an uncursed lock pick P - an uncursed magic lamp (lit) c - an uncursed +0 pick-axe k - an uncursed tallow candle y - an uncursed tin whistle Gems/Stones g - 2 uncursed worthless pieces of black glass x - 2 uncursed worthless pieces of blue glass h - an uncursed worthless piece of green glass D - 2 uncursed worthless pieces of red glass j - 4 uncursed worthless pieces of violet glass W - an uncursed worthless piece of yellowish brown glass n - an uncursed flint stone named The Heart of Ahr?man Hackemslashem the Wizard's attributes: Background: You were a Thaumaturge, a level 7 male human Wizard. You were neutral, on a mission for Thoth who was opposed by Ptah (lawful) and Anhur (chaotic). You were in the Gnomish Mines, on level 5. You entered the dungeon 1952 turns ago. You had 769 experience points, 511 more were needed to attain level 8. Basics: You had 38 out of 62 hit points. You had 4 out of 60 energy points (spell power). Your armor class was 10. Your wallet contained 427 zorkmids. Autopickup was on for '$?!="/' plus thrown, with exceptions. Final Characteristics: Your strength was 11 (base:9, limit:18/100). Your dexterity was 13 (limit:18). Your constitution was 14 (limit:18). Your intelligence was 18 (limit:18). Your wisdom was 14 (limit:18). Your charisma was 9 (limit:18). Final Status: You were not hungry. You were unencumbered. You were wielding a quarterstaff. You had basic skill with quarterstaff. Final Attributes: You were devoutly aligned. You were magic-protected. You were warded. Your life would have been saved. You survived. Miscellaneous: You disabled loading of bones levels. Total elapsed playing time was 17 minutes and 36 seconds. Major events: Turn 1: hackemslashem the neutral male human Wizard entered the dungeon 488: attained the rank of Conjurer (level 3) 523: attained the rank of Thaumaturge (level 6) 946: entered the Gnomish Mines 1952: quit Vanquished creatures: 2 large mimics 5 small mimics a giant beetle 4 human zombies 2 gnome leaders a kobold mummy a straw golem 3 dwarves 7 rothes a wererat 2 iguanas 8 manes a giant rat 17 gnomes a gecko a fox a kobold a sewer rat 5 grid bugs 5 lichens 2 newts 71 creatures vanquished. No species were genocided or became extinct. Voluntary challenges: You read items or engraved 10 times. You engraved Elbereth 1 time. You never genocided any monsters. You never polymorphed an object. You never changed form. You used no wishes. Achievements: You attained the rank of Conjurer. You attained the rank of Thaumaturge. You entered a shop. You entered the Gnomish Mines. The Dungeons of Doom: levels 1 to 4 Level 1: Level 2: A general store, an altar. Level 3: A fountain. Stairs down to The Gnomish Mines. Level 4: The Gnomish Mines: levels 4 to 6 Level 4: Level 5: <- You were here. Level 6: Goodbye hackemslashem the Wizard... You quit in The Gnomish Mines on dungeon level 5 with 3767 points, and 427 pieces of gold, after 1952 moves. You were level 7 with a maximum of 62 hit points when you quit.